 Dungeon Crawl Stone Soup version 0.27.0-1-g7a089689b8 (webtiles) character file.

Game seed: 412294539248661740

16612 pkoi the Carver (level 12, -6/105 HPs)
             Began as a Minotaur Gladiator on Aug 13, 2021.
             Was a High Priest of Okawaru.
             Mangled by an entropy weaver simulacrum (18 damage)
             ... in an ice cave.
             The game lasted 00:15:08 (13304 turns).

pkoi the Carver (Minotaur Gladiator)               Turns: 13304, Time: 00:15:09

Health: -6/105     AC: 25    Str: 23    XL:     12   Next: 11%
Magic:  12/14      EV: 15    Int:  5    God:    Okawaru [*****.]
Gold:   472        SH:  5    Dex: 19    Spells: 11/11 levels left

rFire    x . .     SeeInvis .   J - +4 scimitar (flame)
rCold    + . .     Faith    .   (no shield)
rNeg     . . .     Spirit   .   j - +0 plate armour
rPois    .         Reflect  +   c - +0 hat
rElec    .         Harm     .   T - +2 cloak {Stlth+}
rCorr    .         Rampage  .   a - +1 pair of gloves
Will     .....                  x - +1 pair of boots
Stlth    ..........             o - amulet "Vuxed" {Reflect Slay+3 SH+5}
HPRegen  0.27/turn              t - +6 ring of dexterity
MPRegen  0.14/turn              w - ring of ice

@: heroic
A: horns 2, retaliatory headbutt
a: Renounce Religion, Heroism, Finesse


You were in an ice cave.
You worshipped Okawaru.
Okawaru was extremely pleased with you.
You visited 3 branches of the dungeon, and saw 13 of its levels.
You also visited: Ice Cave.

You collected 576 gold pieces.
You spent 104 gold pieces at shops.

Inventory:

Hand Weapons
 b - a +0 shortbow
 J - a +4 scimitar of flaming (weapon)
Missiles
 d - 4 throwing nets (quivered)
 z - 235 arrows
 H - 14 boomerangs of dispersal
Armour
 a - a +1 pair of gloves (worn)
 c - a +0 hat (worn)
 j - a +0 plate armour (worn)
 x - a +1 pair of boots (worn)
 T - a +2 cloak of stealth (worn)
Jewellery
 e - a ring of positive energy
 g - a ring of protection from fire
 o - the amulet "Vuxed" (around neck) {Reflect Slay+3 SH+5}
   (You found it on level 7 of the Dungeon)

   [amulet of reflection]

   It reflects blocked missile attacks.
   Slay:      It affects your accuracy & damage with ranged weapons and melee
   (+3).
   SH:        It affects your SH (+5).
 t - a +6 ring of dexterity (left hand)
 u - a ring of poison resistance
 w - a ring of ice (right hand)
 L - the ring of Woacs {rElec Int+6}
   (You found it on level 8 of the Dungeon)

   [ring of intelligence]

   Int:       It affects your intelligence (+6).
   rElec:     It insulates you from electricity.
 O - a ring of protection from fire
Wands
 q - a wand of paralysis (5)
 K - a wand of iceblast (26)
 P - a wand of acid (4)
 S - a wand of charming (9)
Scrolls
 i - 3 scrolls of identify
 n - 5 scrolls of enchant weapon
 p - a scroll of holy word
 r - a scroll of teleportation
 s - a scroll of magic mapping
 N - a scroll of amnesia
 R - a scroll of fog
Potions
 f - 2 potions of mutation {unknown}
 h - 3 potions of resistance {unknown}
 k - a potion of cancellation
 l - 4 potions of haste
 m - 6 potions of curing
 v - a potion of flight
 A - a potion of magic
 B - a potion of berserk rage
 C - 2 potions of brilliance
 D - a potion of might
 F - 4 potions of attraction {unknown}
 G - a potion of ambrosia
 I - 2 potions of lignification
 Q - a potion of heal wounds


   Skills:
 + Level 9.5(14.5) Fighting
 * Level 14.4(19.4) Long Blades
 + Level 7.5(12.5) Bows
 - Level 2.0(7.0) Throwing
 + Level 9.8(14.8) Armour
 + Level 9.0(14.0) Dodging
 + Level 4.0 Invocations


You had 11 spell levels left.
You didn't know any spells.
Your spell library contained the following spells:

 Spells                   Type           Power      Damage    Failure   Level
 Freeze                   Ice            0%         1d3       99%         1
 Magic Dart               Conj           0%         1d3       99%         1
 Call Imp                 Summ           0%         N/A       100%        2
 Frozen Ramparts          Ice            0%         1d2       100%        3
 Gell's Gravitas          Tloc           0%         N/A       100%        3
 Mephitic Cloud           Conj/Pois/Air  0%         N/A       100%        3
 Teleport Other           Tloc           0%         N/A       100%        3
 Cause Fear               Hex            0%         N/A       100%        4
 Hailstorm                Conj/Ice       0%         3d3       100%        4
 Ice Form                 Ice/Tmut       0%         N/A       100%        4
 Summon Ice Beast         Ice/Summ       0%         N/A       100%        4
 Dispersal                Tloc           0%         N/A       100%        6
 Dragon Form              Tmut           0%         N/A       100%        7
 Dragon's Call            Summ           0%         N/A       100%        9


Dungeon Overview and Level Annotations

Branches:
Dungeon (11/15)            Temple (1/1) D:4            Lair (1/6) D:10
  IceCv (1/1)
    Orc: D:9-12

Altars:
Ashenzari
Cheibriados
Dithmenos
Elyvilon
Fedhas
Gozag
Hepliaklqana
Kikubaaqudgha
Makhleb
Nemelex Xobeh
Okawaru
Qazlal
Ru
Sif Muna
Trog
Uskayaw
Vehumet
Wu Jian
Xom
Yredelemnul
Zin
The Shining One
Beogh

Shops:
D:9 !

Annotations:
D:7 3 runed translucent doors, daftaero's ghost, novice DsGl


Innate Abilities, Weirdness & Mutations

You have a pair of horns on your head.
You reflexively headbutt those who attack you in melee.


Message History

The entropy weaver simulacrum barely misses you.
The entropy weaver simulacrum hits you.
* * * LOW HITPOINT WARNING * * *
The entropy weaver simulacrum freezes you.
You resist.
* * * LOW HITPOINT WARNING * * *
You see here a +2 great sword of draining.
Unknown command.
You gain the combat prowess of a mighty hero.
You block the entropy weaver simulacrum's attack.
The entropy weaver simulacrum hits you.
* * * LOW HITPOINT WARNING * * *
The entropy weaver simulacrum freezes you!
You resist.
* * * LOW HITPOINT WARNING * * *
The entropy weaver simulacrum hits you but does no damage. x2
You closely miss the entropy weaver simulacrum.
The entropy weaver simulacrum is severely damaged.
The entropy weaver simulacrum misses you.
The entropy weaver simulacrum hits you but does no damage.
You block the entropy weaver simulacrum's attack.
The entropy weaver simulacrum misses you.
Unknown command.
You barely miss the entropy weaver simulacrum.
The entropy weaver simulacrum is severely damaged.
The entropy weaver simulacrum hits you but does no damage. x3
The entropy weaver simulacrum barely misses you.
The entropy weaver simulacrum misses you.
You furiously retaliate!
You headbutt the entropy weaver simulacrum!
The entropy weaver simulacrum vaporises!
Okawaru accepts your kill.
You hit the entropy weaver simulacrum but do no damage.
You headbutt the entropy weaver simulacrum, but do no damage.
The entropy weaver simulacrum hits you but does no damage.
The entropy weaver simulacrum hits you.
* * * LOW HITPOINT WARNING * * *
The entropy weaver simulacrum freezes you!!
You resist.
You die...

####...####
#.........####
.....#####.....###
...## ####....## ##
###...#### ##.....##
###### ##.....##
####.Z..### ###....#
##...)○@...### ##.....#
#....###.....###......#
#....###
###...........## #....
#.........### ....
########### ##. #


You could see an entropy weaver simulacrum.

Vanquished Creatures
  2 hydras
  2 centaur warriors (D:8)
  Erica (D:11)
  A two-headed ogre (D:10)
  A tengu warrior (D:8)
  A cane toad (Lair:1)
  An ice statue (IceCv)
  An unseen horror (D:11)
  A komodo dragon (D:10)
  2 entropy weaver simulacra (IceCv)
  A troll (D:9)
  Prince Ribbit (D:7)
  3 slime creatures (IceCv)
  3 blink frogs (Lair:1)
  A shadow (D:10)
  A wraith (D:10)
  14 yaks
  A vampire (D:7)
  Eustachio (D:4)
  A steam dragon (D:7)
  2 demonic crawler simulacra (IceCv)
  Edmund (D:5)
  An acid dragon (D:9)
  Duvessa (D:7)
  5 water moccasins
  2 orc warriors (D:7)
  3 black bears
  2 ugly thing simulacra (IceCv)
  6 ogres
  5 centaurs
  2 kobold brigands
  6 bullfrogs
  Dowan (D:7)
  9 killer bees
  12 wights
  12 howler monkeys
  A bullfrog zombie (D:7)
  2 bullfrog skeletons
  7 hounds
  3 jellies
  3 centaur zombies
  7 orc priests
  2 centaur skeletons
  An iguana (D:6)
  Ijyb (D:4)
  8 orc wizards
  5 killer bee zombies
  A howler monkey zombie (D:7)
  Robin (D:2)
  3 adders
  9 gnolls
  13 white imps
  An ufetubus (D:5)
  2 dart slugs
  20 orcs
  6 endoplasms
  3 giant cockroaches
  14 goblins
  9 hobgoblins
  8 jackals
  12 kobolds
  4 quokkas
  6 ball pythons
  5 bats
  A frilled lizard (D:1)
  6 rats
  A bush (D:3)
275 creatures vanquished.

Vanquished Creatures (others)
  20 plants
20 creatures vanquished.

Grand Total: 295 creatures vanquished

Notes
Turn   | Place    | Note
-------+----------+-------------------------------------------
     0 | D:1      | pkoi the Minotaur Gladiator began the quest for the Orb.
     0 | D:1      | Reached XP level 1. HP: 18/18 MP: 0/0
    21 | D:1      | Reached skill level 4 in Long Blades
   286 | D:1      | Reached XP level 2. HP: 24/25 MP: 1/1
  1079 | D:1      | Reached skill level 5 in Long Blades
  1273 | D:1      | Reached XP level 3. HP: 30/30 MP: 2/2
  1327 | D:2      | Noticed Robin
  1539 | D:2      | Killed Robin
  1662 | D:2      | Reached XP level 4. HP: 6/37 MP: 3/3
  1664 | D:2      | Reached skill level 6 in Long Blades
  1664 | D:2      | Reached skill level 1 in Armour
  2233 | D:2      | Found a faded altar of an unknown god.
  2846 | D:3      | Reached XP level 5. HP: 22/42 MP: 4/4
  3644 | D:3      | Reached skill level 7 in Long Blades
  3720 | D:4      | Noticed an ogre
  3732 | D:4      | Killed an ogre
  3733 | D:4      | Reached XP level 6. HP: 44/50 MP: 5/5
  3795 | D:4      | Noticed Ijyb
  3805 | D:4      | Killed Ijyb
  3951 | D:4      | Noticed a yak
  3953 | D:4      | Noticed a yak
  3954 | D:4      | Noticed a yak
  4000 | D:3      | Killed a yak
  4001 | D:3      | Reached skill level 8 in Long Blades
  4001 | D:3      | Reached XP level 7. HP: 16/57 MP: 6/6
  4529 | D:4      | Noticed Eustachio
  4543 | D:4      | Killed Eustachio
  4813 | D:4      | Found a staircase to the Ecumenical Temple.
  4826 | Temple   | Entered the Ecumenical Temple
  5186 | D:5      | Entered Level 5 of the Dungeon
  5347 | D:5      | Found an iron altar of Okawaru.
  5499 | D:5      | Became a worshipper of Warmaster Okawaru
  5579 | D:5      | Reached skill level 9 in Long Blades
  5749 | D:5      | Reached XP level 8. HP: 65/66 MP: 7/7
  5799 | D:5      | Reached skill level 5 in Armour
  5925 | D:5      | Found a bloodstained altar of Trog.
  6163 | D:5      | Reached * piety under Okawaru
  6170 | D:5      | Reached skill level 1 in Bows
  6392 | D:5      | Noticed Edmund
  6418 | D:5      | Killed Edmund
  6419 | D:5      | Reached skill level 5 in Dodging
  6909 | D:4      | Reached skill level 5 in Fighting
  6909 | D:4      | Reached skill level 10 in Long Blades
  7243 | D:6      | Reached ** piety under Okawaru
  7279 | D:6      | Reached XP level 9. HP: 74/74 MP: 8/8
  7688 | D:6      | Reached skill level 11 in Long Blades
  8103 | D:7      | Identified the amulet "Vuxed" {Reflect Slay+3 SH+5}
  8121 | D:7      | Found a stormy altar of Qazlal.
  8121 | D:7      | Found a shimmering blue altar of Sif Muna.
  8162 | D:7      | Reached *** piety under Okawaru
  8327 | D:7      | Found a runed translucent gate.
  8327 | D:7      | Noticed daftaero's ghost (novice DsGl)
  8328 | D:7      | Found a runed translucent gate.
  8347 | D:7      | Noticed Dowan
  8349 | D:7      | Noticed Duvessa
  8360 | D:7      | Killed Duvessa
  8364 | D:7      | Killed Dowan
  8395 | D:7      | Found an opulent altar of Gozag.
  8454 | D:7      | Noticed Prince Ribbit
  8472 | D:7      | Killed Prince Ribbit
  8660 | D:7      | Found a snail-covered altar of Cheibriados.
  8773 | D:7      | Found a runed translucent gate.
  8835 | D:7      | Reached **** piety under Okawaru
  8836 | D:7      | Reached XP level 10. HP: 61/84 MP: 9/9
  9187 | D:8      | Identified the ring of Woacs {rElec Int+6}
  9233 | D:8      | Reached skill level 12 in Long Blades
  9428 | D:8      | Noticed a centaur warrior
  9432 | D:8      | Noticed a centaur warrior
  9432 | D:8      | Killed a centaur warrior
  9433 | D:8      | Reached skill level 5 in Bows
  9439 | D:8      | Killed a centaur warrior
  9439 | D:8      | Reached ***** piety under Okawaru
  9675 | D:8      | Noticed a tengu warrior
  9685 | D:8      | Killed a tengu warrior
  9685 | D:8      | Received a gift from Okawaru
 10267 | D:9      | Found Sirch's Distillery.
 10277 | D:9      | Bought a potion of curing for 39 gold pieces
 10277 | D:9      | Bought a potion of heal wounds for 65 gold pieces
 10362 | D:9      | Reached skill level 13 in Long Blades
 10460 | D:9      | Identified the +1 helmet of Relativism {Harm Str-4 Dex+3}
 10548 | D:9      | Found an ornate altar of the Wu Jian Council.
 10672 | D:9      | Received a gift from Okawaru
 10673 | D:9      | Reached skill level 1 in Invocations
 10849 | D:10     | Entered Level 10 of the Dungeon
 10941 | D:10     | Found a staircase to the Lair.
 10957 | D:10     | Reached XP level 11. HP: 91/94 MP: 10/10
 11058 | D:10     | Noticed a two-headed ogre
 11065 | D:10     | Killed a two-headed ogre
 11689 | D:10     | Found a white marble altar of Elyvilon.
 11861 | D:10     | Received a gift from Okawaru
 12079 | D:11     | Noticed Erica
 12079 | D:11     | Noticed a four-headed hydra
 12238 | D:10     | Killed a nine-headed hydra
 12381 | D:11     | Killed Erica
 12568 | Lair:1   | Entered Level 1 of the Lair of Beasts
 12568 | Lair:1   | Noticed a five-headed hydra
 12576 | Lair:1   | Killed a one-headed hydra
 12597 | Lair:1   | Reached skill level 14 in Long Blades
 12669 | Lair:1   | Found a frozen archway.
 12715 | IceCv    | Entered an ice cave
 13028 | IceCv    | Reached XP level 12. HP: 100/105 MP: 13/13
 13293 | IceCv    | Received a gift from Okawaru
 13304 | IceCv    | Mangled by an entropy weaver simulacrum

Illustrated notes

Levels and vault maps discovered:
D:1:      psy_arrival_terrarium, layout_basic
D:2:      layout_loops_ring, basic_ecumenical_altar, kennysheep_potato,
          uniq_robin
D:3:      layout_loops_ring, serial_forest, infiniplex_forest_lined_3,
          infiniplex_forest_clump_long, infiniplex_forest_lined_2,
          infiniplex_forest_lined_corner, infiniplex_forest_end_double,
          infiniplex_forest_lined_room_, infiniplex_forest_end_2,
          infiniplex_forest_straight_3, infiniplex_forest_diagonal,
          infiniplex_forest_lined_2, dk_noncrumbling_3, cheibrodos_gnoll_hut
D:4:      layout_cave_pools, minmay_temple_entry_nine_rooms, uniq_eustachio,
          uniq_ijyb
D:5:      layout_loops_corners, okawaru_trees_1,
          mainiacjoe_overflow_surrounded_room, uniq_edmund
D:6:      layout_basic, minmay_unpleasant_kobolds
D:7:      layout_cave_pools, kennysheep_slug_shrine, grunt_gozag_breadcrumbs,
          gammafunk_temple_overflow_pools, biasface_ghost_orc_armoury,
          uniq_prince_ribbit1, uniq_duvessa
D:8:      layout_loops_ring, amcnicky_mini_pool_small, minmay_shattered_shrine
D:9:      layout_loops_cross, mainiacjoe_overflow_brackets, serial_shops,
          nicolae_shop_competitors_out_of_business
D:10:     layout_roguey, nicolae_elyvilon_peaceful_grove, david_lair_shrubbed,
          chequers_serial_rivers_room_b
D:11:     layout_layer_cave, david_orc_2, lightli_orcish_oven, uniq_erica
Temple:   minmay_temple_curvy_branch
Lair:1:   layout_regular_city, portal_ice_cave_entry_imps,
          grunt_forest_small_clearings, nicolae_quartered_pool_medium,
          st_stairs_13, columned_hall_lemuel, patterned_corridor
IceCv:    ice_cave_hellmonk_azure_passage

Skill      XL: |  1  2  3  4  5  6  7  8  9 10 11 12 |
---------------+-------------------------------------+-----
Long Blades    | 4 5 6 7 8 9 10 11 13 14 | 14.4
Armour         | 1 3 4 6 7 8 9 |  9.8
Fighting       | 3 4 5 6 8 9 |  9.5
Dodging        | 4 5 6 7 8 9 |  9.0
Bows           | 2 4 6 7 |  7.5
Invocations    | 1 3 4 |  4.0
Throwing       | |  2.0

Action                   |  1- 3 |  4- 6 |  7- 9 | 10-12 || total
-------------------------+-------+-------+-------+-------++-------
Melee: Long sword        |    76 |    13 |    74 |     3 ||   166
       Headbutt          |     9 |    36 |    73 |   114 ||   232
       Dagger            |       |   118 |   184 |    90 ||   392
       Scimitar          |       |       |       |   220 ||   220
       Punch             |       |       |       |     1 ||     1
 Fire: Shortbow          |       |       |       |     1 ||     1
Invok: Heroism           |       |       |     3 |     4 ||     7
  Use: Scroll            |     2 |       |    14 |     6 ||    22
Armor: Leather armour    |    21 |       |       |       ||    21
       Plate armour      |     2 |    58 |   191 |   158 ||   409
Dodge: Dodged            |    52 |    28 |   108 |   120 ||   308
Block: Other             |       |       |    12 |    52 ||    64
       Reflection        |       |       |     1 |     2 ||     3
       Rpst.: Long sword |    16 |     3 |     8 |     1 ||    28
       Scimitar          |       |       |       |    12 ||    12
